 Dungeon Crawl Stone Soup version 0.17.0-24-gcfadda4 (console) character file.

120 Kloppie the Insei (level 5, 0/26 HPs)
             Began as a Vine Stalker Monk on Nov 16, 2015.
             Succumbed to a gnoll's poison
             ... on level 2 of the Dungeon.
             The game lasted 00:03:14 (1956 turns).

Kloppie the Insei (Vine Stalker Monk)               Turns: 1956, Time: 00:03:14

Health: 0/26       AC:  6    Str: 14    XL:     5   Next: 4%
Magic:  3/6        EV: 11    Int: 11    God:
Gold:   170        SH:  0    Dex: 16    Spells: 0 memorised, 4 levels left

rFire  . . .     SeeInvis .       - Unarmed
rCold  . . .     Clarity  .     g - +0 ring mail
rNeg   . . .     SustAt   .     (no shield)
rPois  .         Gourm    .     (no helmet)
rElec  .         Spirit   +     (no cloak)
rCorr  .         Warding  .     k - +0 pair of gloves
rMut   .         Stasis   .     (no boots)
MR     .....                    (no amulet)
Stlth  ++........               (no ring)
                                (no ring)

@: lethally poisoned (0 -> -24), not resistant to hostile enchantments,
unstealthy
A: fangs 2, deterioration 1, frail 1, regeneration 1, spit poison 1, magic
shield, antimagic bite, no device heal 3, rot immunity
a: Spit Poison


You were on level 2 of the Dungeon.
You were not hungry.

You visited 1 branch of the dungeon, and saw 3 of its levels.

You collected 170 gold pieces.

Inventory:

Armour
 a - a +0 robe
 g - a +0 ring mail (worn)
 k - a +0 pair of gloves (worn)
Jewellery
 r - an uncursed ring of magical power {unknown}
Scrolls
 d - a scroll of magic mapping {unknown}
 e - 2 scrolls of teleportation {unknown}
 l - a scroll of remove curse {unknown}
 p - a scroll of immolation {unknown}
 q - a scroll of amnesia {unknown}
 v - a scroll of identify {unknown}
Potions
 h - a potion of heal wounds {unknown}
 i - a potion of mutation
 j - 2 potions of brilliance {unknown}
 m - a potion of curing {unknown}
 o - 2 potions of resistance {unknown}
 t - a potion of cure mutation {unknown}
 u - a potion of agility {unknown}
Comestibles
 b - 3 bread rations
 c - a royal jelly
 f - 5 fruits
 n - a beef jerky


   Skills:
 + Level 4.1 Fighting
 - Level 2.4 Dodging
 - Level 2.4 Stealth
 + Level 5.1 Unarmed Combat


You had 4 spell levels left.
You didn't know any spells.

Dungeon Overview and Level Annotations

Branches:
Dungeon (3/15)

Altars:


Innate Abilities, Weirdness & Mutations

You have extremely sharp teeth.
Your natural rate of healing is unusually fast.
When hurt, damage is shared between your health and your magic reserves.
Your bite disrupts and absorbs the magic of your enemies.
Potions and wands cannot restore your health.
You are immune to rotting.
Your body sometimes deteriorates upon taking damage.
You are frail (-10% HP).
You can spit weak poison.


Message History

You hit the gnoll. You bite the gnoll, but do no damage.
The gnoll is heavily wounded.
* * * LOW HITPOINT WARNING * * *
You feel sick.
You barely miss the gnoll. Your bite misses the gnoll.
The gnoll is heavily wounded.
* * * LOW HITPOINT WARNING * * *
You feel sick. The gnoll hits you but does no damage.
You are more poisoned.
All of the chunks of flesh in your inventory have rotted away.
You hit the gnoll.
You kill the gnoll!
You have reached level 5!
* * * LOW HITPOINT WARNING * * *
You feel sick.
Drink which item? (? for menu, Esc to quit)
It was a potion of mutation.
You feel extremely strange.
You feel frail.
You feel yourself wasting away.
There is a nasty taste in your mouth for a moment.
You die...

#.#####.# #.......#
#[#####.# #........
######..# #..#
########### #..#
###.......).###..#
#@........รท.......
#)......[.).......
#.#.#.............
#.#.#.############
#.#.#.# #....#..
#...#.# #.##.#.#
#####.# #.##.#.#
#.#####.##.#.#
#.......##.#.#


There were no monsters in sight!

Vanquished Creatures
  3 adders
  3 gnolls
  An ooze (D:2)
  2 worms
  2 orcs (D:3)
  6 bats
  5 giant cockroaches
  11 hobgoblins
  11 kobolds
  2 giant geckos
  3 giant newts (D:1)
  A goblin (D:2)
  2 quokkas (D:2)
  4 rats
56 creatures vanquished.

Notes
Turn   | Place    | Note
--------------------------------------------------------------
     0 | D:1      | Kloppie the Vine Stalker Monk began the quest for the Orb.
     0 | D:1      | Reached XP level 1. HP: 11/11 MP: 2/2
   193 | D:1      | Reached XP level 2. HP: 16/16 MP: 3/3
   599 | D:1      | Reached XP level 3. HP: 16/20 MP: 2/4
  1229 | D:2      | Reached XP level 4. HP: 21/25 MP: 3/5
  1888 | D:3      | Reached skill level 5 in Unarmed Combat
  1955 | D:2      | Reached XP level 5. HP: 4/29 MP: 3/6
  1956 | D:2      | Gained mutation: You are frail (-10% HP). [potion of mutation]
  1956 | D:2      | Gained mutation: Your body sometimes deteriorates upon taking damage. [potion of mutation]
  1956 | D:2      | Gained mutation: You can spit weak poison. [potion of mutation]
  1956 | D:2      | Succumbed to a gnoll's poison

Action                   |  1- 3 |  4- 6 || total
-------------------------+-------+-------++-------
Melee: Unarmed           |   105 |    58 ||   163
  Use: Potion            |       |     1 ||     1
 Stab: Sleeping          |     9 |       ||     9
  Eat: Chunk             |     1 |     2 ||     3
